 Dungeon Crawl Stone Soup version 0.28.0-45-g0d030f2227 (webtiles) character file.

Game seed: 15546680021860490512

1 Descartes the Grave Robber (level 1, 10/13 HPs)
             Began as an Octopode Wanderer on Apr 12, 2022.
             Was a Follower of the Shining One.
             Got out of the dungeon alive.
             The game lasted 00:01:40 (52 turns).

Descartes the Grave Robber (Octopode Wanderer)        Turns: 52, Time: 00:01:41

Health: 10/13      AC:  1    Str:  8    XL:     1   Next: 20%
Magic:  2/2        EV: 13    Int: 16    God:    the Shining One [*.....]
Gold:   0          SH:  4    Dex: 12    Spells: 0/2 levels left

rFire   . . .      SeeInvis .   a - +0 dagger
rCold   . . .      Faith    .   b - +0 buckler
rNeg    . . .      Spirit   .   (helmet restricted)
rPois   .          Reflect  .   (no amulet)
rElec   .          Harm     .   (no ring)
rCorr   .          Rampage  .   (no ring)
Will    .....                   (no ring)
Stlth   +.........              (no ring)
HPRegen 0.04/turn               (no ring)
MPRegen 0.08/turn               (no ring)
                                (no ring)
                                (no ring)

@: glowing
A: almost no armour, amphibious, 8 rings, camouflage 1, gelatinous body 1,
(nimble swimmer 1), tentacles
a: Renounce Religion, Divine Shield


You escaped.
You worshipped the Shining One.
The Shining One was aware of your devotion.
You visited 1 branch of the dungeon, and saw 1 of its levels.

Inventory:

Hand Weapons
 a - a +0 dagger (weapon)
Missiles
 d - 26 stones (quivered)
Armour
 b - a +0 buckler (worn)
Scrolls
 c - a scroll of teleportation


   Skills:
 - Level 1.0 Fighting
 + Level 3.0 Dodging
 + Level 0.1 Stealth
 + Level 2.0 Shields
 + Level 1.0 Spellcasting
 + Level 3.0 Necromancy


You couldn't memorise any spells.
You knew the following spells:

 Your Spells              Type           Power      Damage    Failure   Level
a - Pain                  Necr           40%        1d6       9%          1
b - Animate Skeleton      Necr           20%        N/A       9%          1

Your spell library contained the following spells:

 Spells                   Type           Power      Damage    Failure   Level
 Sublimation of Blood     Necr           10%        N/A       13%         2


Dungeon Overview and Level Annotations

Branches:
Dungeon (1/15)

Altars:
The Shining One


Innate Abilities, Weirdness & Mutations

You cannot wear most types of armour.
You are amphibious.
You can wear up to eight rings at the same time.
Your skin changes colour to match your surroundings (Stealth+).
Your rubbery body absorbs attacks. (AC +1, EV +1)
((You are camouflaged when in or above water. (Stealth+)))
You have tentacles for arms and can constrict up to eight enemies at once.


Message History

Memorise Animate Skeleton, consuming 1 spell level and leaving 0? [Y]es or [N]o only, please.
Memorise Animate Skeleton, consuming 1 spell level and leaving 0? [Y]es or [N]o only, please.
Memorise Animate Skeleton, consuming 1 spell level and leaving 0?
You start memorising the spell.
You continue memorising.
You finish memorising.
Spell assigned to 'b'.
Cast which spell? (? or * to list)
You attempt to give life to the dead...
Before your eyes, flesh is ripped from the corpse!
The dead are hopping!
You are caught in the web!
A dart slug comes into view.
There is a web here.
You disentangle yourself.
There is a faded altar of an unknown god here.
You cannot tell which god this altar belongs to.
Convert to them anyway?
The Shining One accepts your prayer! The Shining One welcomes you!
You and your allies can now gain power from killing the unholy and evil.
You can now call upon the Shining One for a divine shield.
The dart slug launches a dart at you.
The slug dart hits your quokka skeleton.
Unknown command.
Press < or > to pray at altars.
Unknown command.
Press < or > to pray at altars.
The dart slug barely misses your quokka skeleton.
Your quokka skeleton bites the dart slug.
Your quokka skeleton bites the dart slug.
The dart slug bites your quokka skeleton.
Your quokka skeleton is destroyed!
The dart slug launches a dart at you. The slug dart hits you.
There is a large open door here.
Why would you want to do that? Why would you want to do that?
There is a staircase leading out of the dungeon here.
Are you sure you want to leave the Dungeon?
This will make you lose the game!
You have escaped!

#### #...###..
§§≈§≈≈### #.....w^.
≈§§≈≈≈≈§###......^_
§§#≈≈≈≈≈##........
§§≈≈≈§≈≈##.#######
§≈≈≈≈#≈≈#.#
####≈≈≈≈≈#w#
#>.......'.#
#@......w'.#
####≈≈≈≈≈###
≈≈§§≈≈#≈§#
§≈≈≈≈≈≈≈≈##
§§§≈#≈≈≈≈≈#
≈§§§≈≈≈≈≈##
#≈§≈≈§≈### ########


You could see a dart slug.

Vanquished Creatures
  A quokka (D:1)
1 creature vanquished.

Notes
Turn   | Place    | Note
-------+----------+-------------------------------------------
     0 | D:1      | Descartes the Octopode Wanderer began the quest for the
                  | Orb.
     0 | D:1      | Descartes set off with the following items: a +0 dagger, a
                  | +0 buckler, a scroll of teleportation; and the following
                  | spells available to memorise: Animate Skeleton, Pain,
                  | Sublimation of Blood
     0 | D:1      | Reached XP level 1. HP: 13/13 MP: 2/2
    16 | D:1      | Found a faded altar of an unknown god.
    26 | D:1      | Learned a level 1 spell: Pain
    28 | D:1      | Learned a level 1 spell: Animate Skeleton
    32 | D:1      | Prayed at the altar of an unknown god.
    32 | D:1      | Became a worshipper of the Shining One
    32 | D:1      | Reached * piety under the Shining One
    52 | D:$      | Got out of the dungeon alive.

Illustrated notes

Levels and vault maps discovered:
D:1:      lightli_molten_gateway, layout_rooms, ebering_ecumenical_altar_webs

Action                   || total
-------------------------++-------
Melee: Dagger            ||     2
       Constrict         ||     1
       Punch             ||     1
       Tentacles         ||     1
 Cast: Animate Skeleton  ||     1
Armor: Skin              ||     1
Dodge: Dodged            ||     1
